 Dungeon Crawl Stone Soup version 0.20-a0-903-g7e3609c (webtiles) character file.

28070 JeffiDaFish the Geomancer (level 13, 0/79 HPs)
             Began as a Gargoyle Earth Elementalist on Mar 20, 2017.
             Was a High Priest of Sif Muna.
             Slain by a spiny frog (11 damage)
             ... on level 4 of the Lair of Beasts on Mar 21, 2017.
             The game lasted 00:59:32 (15745 turns).

JeffiDaFish the Geomancer (GrEE)                   Turns: 15745, Time: 00:59:33

Health: 0/79       AC: 24    Str: 18    XL:     13   Next: 36%
Magic:  42/44      EV: 10    Int: 19    God:    Sif Muna [*****.]
Gold:   653        SH:  2    Dex: 14    Spells: 9/31 levels left

rFire    . . .     SeeInvis .   y - +5 flail of Peril {speed, rC++ Str+5}
rCold    + + .     Gourm    .   z - +0 scale mail
rNeg     + . .     Faith    .   (no shield)
rPois    ∞         Spirit   .   n - +2 hat {Int+3}
rElec    +         Reflect  +   x - +0 cloak
rCorr    .         Harm     .   w - +0 pair of gloves
MR       .....                  g - +0 pair of boots
Stlth    +.........             j - +2 amulet of reflection
Regen    0.3/turn               m - ring of magical power
MPRegen  0.3/turn               p - ring of magical power

@: no status effects
A: rugged brown scales 1, mutation resistance 1, negative energy resistance 1,
electricity resistance, unbreathing, petrification resistance, rot immunity, AC
+9
a: Divine Energy, Channel Magic, Forget Spell, Renounce Religion


You were on level 4 of the Lair of Beasts.
You worshipped Sif Muna.
Sif Muna was extremely pleased with you.
You were hungry.

You visited 2 branches of the dungeon, and saw 13 of its levels.

You collected 933 gold pieces.
You spent 280 gold pieces at shops.

Inventory:

Hand Weapons
 c - a +4 flail of freezing
 y - the +5 flail of Peril (weapon) {speed, rC++ Str+5}
   (You bought it in a shop on level 9 of the Dungeon)

   Attacks with this weapon are significantly faster.
   It affects your strength (+5).
   It greatly protects you from cold.
Missiles
 b - 192 stones (quivered)
 u - 118 arrows
Armour
 g - a +0 pair of boots (worn)
 n - a +2 hat of intelligence (worn)
 w - a +0 pair of gloves (worn)
 x - a +0 cloak (worn)
 z - a +0 scale mail (worn)
Jewellery
 f - an uncursed ring of protection from magic
 j - a +2 amulet of reflection (around neck)
 m - a ring of magical power (right hand)
 p - a ring of magical power (left hand)
Scrolls
 i - 4 scrolls of identify
 k - 3 scrolls of teleportation
 q - 7 scrolls of remove curse
 r - a scroll of amnesia
Potions
 a - 3 potions of curing
 l - 3 potions of resistance
 o - 4 potions of agility
 t - 2 potions of flight
 C - a potion of might
 D - a potion of brilliance
Books
 e - a book of Geomancy

   Spells                             Type                      Level
   a - Sandblast                      Earth                        1
   b - Passwall                       Transmutation/Earth          2
   c - Stone Arrow                    Conjuration/Earth            3
   d - Petrify                        Transmutation/Earth          4
   e - Lee's Rapid Deconstruction     Earth                        5
 s - a Fen Folio

   Spells                             Type                      Level
   a - Corpse Rot                     Necromancy                   2
   b - Stone Arrow                    Conjuration/Earth            3
   c - Leda's Liquefaction            Hexes/Earth                  4
   d - Summon Forest                  Summoning/Translocation      5
   e - Hydra Form                     Transmutation                6
   f - Summon Hydra                   Summoning                    7
 v - a book of Callings

   Spells                             Type                      Level
   a - Summon Small Mammal            Summoning                    1
   b - Call Imp                       Summoning                    2
   c - Call Canine Familiar           Summoning                    3
   d - Summon Guardian Golem          Hexes/Summoning              3
   e - Summon Lightning Spire         Summoning/Air                4
   f - Summon Ice Beast               Ice/Summoning                4
 A - a book of the Tempests

   Spells                             Type                      Level
   a - Static Discharge               Conjuration/Air              3
   b - Lightning Bolt                 Conjuration/Air              5
   c - Ignition                       Fire                         8
   d - Tornado                        Air                          9
   e - Shatter                        Earth                        9
 F - Orevant's Guide on Creative Conjuration
   (Sif Muna gifted it to you on level 2 of the Lair of Beasts)

   Spells                             Type                      Level
   a - Flame Tongue                   Conjuration/Fire             1
   b - Mephitic Cloud                 Conjuration/Poison/Air       3
   c - Stone Arrow                    Conjuration/Earth            3
   d - Throw Icicle                   Conjuration/Ice              4
   e - Irradiate                      Conjuration/Transmutation    5
   f - Summon Demon                   Summoning                    5
Comestibles
 d - 15 bread rations
 h - a royal jelly
 H - 2 meat rations


   Skills:
 + Level 7.6 Fighting
 + Level 6.6 Maces & Flails
 + Level 7.8 Armour
 - Level 2.0 Dodging
 - Level 2.4 Stealth
 * Level 9.6 Spellcasting
 + Level 7.7 Conjurations
 + Level 4.4 Summonings
 * Level 6.1 Transmutations
 + Level 3.5 Air Magic
 + Level 12.3 Earth Magic


You had 9 spell levels left.
You knew the following spells:

 Your Spells              Type           Power        Failure   Level  Hunger
a - Sandblast             Erth           ######       1%          1    None
b - Stone Arrow           Conj/Erth      #####.       1%          3    None
c - Petrify               Tmut/Erth      #####...     6%          4    ###....
e - Lee's Rapid Deconstr  Erth           ######....   4%          5    #####..
f - Summon Lightning Spi  Summ/Air       ###.....     47%         4    ###....
g - Irradiate             Conj/Tmut      #####.....   38%         5    #####..


Dungeon Overview and Level Annotations

Branches:
Dungeon (9/15)             Temple (0/1) D:5            Lair (4/6) D:9
  Swamp (0/4) Lair:3        Snake (0/4) Lair:3
    Orc: D:9-12

Altars:
Dithmenos
Elyvilon
Hepliaklqana
Makhleb
Nemelex Xobeh
Okawaru
Qazlal
Ru
Sif Muna
Uskayaw
Vehumet
Yredelemnul
The Shining One
Beogh

Shops:
D:9 (

Annotations:
Lair:3 exclusion: 3 oklob plants


Innate Abilities, Weirdness & Mutations

You are resistant to torment.
Your stone body is resilient. (AC +9)
You are immune to poison.
You resist negative energy. (rN+)
You are resistant to electric shocks. (rElec)
You can survive without breathing.
You are immune to petrification.
You are immune to rotting.
You are partially covered in rugged brown scales. (AC +1, +3% HP)
You are somewhat resistant to further mutation.


Message History

The spiny frog stings you but does no damage.
You feel yourself speed up. The spiny frog stings you.
The spiny frog stings you!
* * * LOW HITPOINT WARNING * * *
You hit the spiny frog.
The spiny frog is lightly wounded.
The spiny frog misses you.
You hit the spiny frog.
The spiny frog is lightly wounded.
You sock the spiny frog!
The spiny frog is heavily wounded.
The spiny frog stings you!
* * * LOW HITPOINT WARNING * * *
You completely miss the spiny frog.
The spiny frog is heavily wounded.
The spiny frog stings you but does no damage.
You sock the spiny frog!
The spiny frog is severely wounded.
The spiny frog stings you!
You die...

########...............#..#
#.##.#...................##
##.......................## ###
..........................#####..
................P................
................#...#........<...
...#............>...###..........
P.#..........##....## #....../...
#............###@F.# ###........
............###..).# #.#.....<.
...........###....## ##.##.####
...........##.#...# ###### #
.........#####..... .........#
#....## .......### #....#
......## ....## .....## #.....


You could see a spiny frog.

Vanquished Creatures
  Josephine (Lair:4)
  3 hydras
  A catoblepas (Lair:3)
  2 two-headed ogres
  3 death yaks (Lair:4)
  3 lindwurms (Lair:3)
  2 black mambas
  7 spiny frogs
  3 komodo dragons
  A hippogriff (D:8)
  Grinder (D:3)
  16 blink frogs
  4 wraiths (Lair:4)
  2 wyverns
  20 yaks
  Sigmund (D:6)
  2 basilisks
  Eustachio (D:5)
  2 wargs (D:9)
  4 nagas (Lair:3)
  4 water moccasins (Lair:3)
  3 sky beasts
  An ice beast (D:9)
  4 porcupines
  2 orc warriors
  4 phantoms
  2 ogres
  2 black bears
  9 wolves
  4 centaurs
  7 crocodiles
  2 big kobolds
  13 bullfrogs
  3 scorpions
  48 killer bees
  5 wights (D:7)
  An electric eel (Lair:2)
  5 howler monkeys
  3 bullfrog zombies
  A crimson imp (D:9)
  3 iron imps (D:3)
  A jelly (D:9)
  3 orc priests
  A gnoll shaman (D:4)
  2 hounds
  Crazy Yiuf (D:6)
  Ijyb (D:2)
  Terence (D:2)
  A centaur skeleton (D:5)
  5 orc wizards
  5 worker ants
  2 hound skeletons
  A worker ant zombie (D:9)
  4 gnolls (D:4)
  9 adders
  3 shadow imps
  An ooze (D:4)
  An adder skeleton (D:7)
  2 worms (D:2)
  3 dart slugs
  5 leopard geckos
  51 orcs
  4 giant cockroaches
  8 goblins
  10 hobgoblins
  7 jackals
  12 kobolds
  7 quokkas
  4 ball pythons
  9 bats
  5 frilled lizards (D:2)
  2 gnoll zombies (D:6)
  A leopard gecko skeleton (D:7)
  A quokka skeleton (D:4)
  3 rats
  A bush (Lair:1)
  A fungus (Lair:3)
  A plant (Lair:2)
384 creatures vanquished.

Vanquished Creatures (collateral kills)
  Edmund (D:5)
  A centaur (D:7)
  3 orcs
5 creatures vanquished.

Vanquished Creatures (others)
  6 fungi
  14 plants
20 creatures vanquished.

Grand Total: 409 creatures vanquished

Notes
Turn   | Place    | Note
-------+----------+-------------------------------------------
     0 | D:1      | JeffiDaFish the Gargoyle Earth Elementalist began the quest for the Orb.
     0 | D:1      | Reached XP level 1. HP: 10/10 MP: 3/3
   272 | D:1      | Reached skill level 4 in Earth Magic
   272 | D:1      | Reached XP level 2. HP: 15/15 MP: 3/5
   347 | D:1      | Gained mutation: You are somewhat resistant to further mutation. [potion of mutation]
   347 | D:1      | Gained mutation: You are partially covered in rugged brown scales. (AC +1, +3% HP) [potion of mutation]
   557 | D:1      | Reached XP level 3. HP: 19/19 MP: 4/6
   702 | D:2      | Learned a level 3 spell: Stone Arrow
   723 | D:2      | Noticed Terence
   756 | D:2      | Killed Terence
   786 | D:2      | Found a radiant altar of Vehumet.
   834 | D:2      | Reached XP level 4. HP: 24/24 MP: 5/7
   847 | D:2      | Noticed Ijyb
   897 | D:2      | Killed Ijyb
  1104 | D:2      | Found a stormy altar of Qazlal.
  1174 | D:2      | Reached skill level 1 in Fighting
  1194 | D:2      | Reached skill level 1 in Conjurations
  1606 | D:3      | Noticed Grinder
  1612 | D:3      | Killed Grinder
  1612 | D:3      | Reached skill level 1 in Maces & Flails
  1612 | D:3      | Reached skill level 1 in Armour
  1612 | D:3      | Reached skill level 5 in Earth Magic
  1612 | D:3      | Reached XP level 5. HP: 30/30 MP: 3/10
  1612 | D:3      | Reached XP level 6. HP: 36/36 MP: 3/11
  1925 | D:3      | Learned a level 4 spell: Petrify
  2076 | D:3      | Found a shadowy altar of Dithmenos.
  2232 | D:3      | Found a hazy altar of Hepliaklqana.
  2278 | D:3      | Found a deep blue altar of Sif Muna.
  2283 | D:3      | Became a worshipper of Sif Muna the Loreminder
  2316 | D:3      | Found a burning altar of Makhleb.
  2341 | D:3      | Reached skill level 1 in Transmutations
  2598 | D:4      | Reached XP level 7. HP: 41/41 MP: 12/12
  2751 | D:4      | Found a sparkling altar of Nemelex Xobeh.
  2910 | D:4      | Reached skill level 6 in Earth Magic
  3063 | D:4      | Found a glowing golden altar of the Shining One.
  3624 | D:5      | Entered Level 5 of the Dungeon
  3806 | D:5      | Learned a level 2 spell: Sticks to Snakes
  3855 | D:5      | Reached * piety under Sif Muna
  3989 | D:5      | Found a stormy altar of Qazlal.
  3990 | D:5      | Noticed Edmund
  4013 | D:5      | Killed Edmund
  4013 | D:5      | Reached XP level 8. HP: 46/46 MP: 2/14
  4142 | D:5      | Found a staircase to the Ecumenical Temple.
  4225 | D:5      | Noticed Eustachio
  4233 | D:5      | Killed Eustachio
  4233 | D:5      | Reached skill level 7 in Earth Magic
  5335 | D:6      | Learned a level 5 spell: Lee's Rapid Deconstruction
  5352 | D:6      | Found a basalt altar of Yredelemnul.
  5402 | D:6      | Found a runed door.
  5406 | D:6      | Noticed Crazy Yiuf
  5410 | D:6      | Killed Crazy Yiuf
  5572 | D:6      | Found a sparkling altar of Nemelex Xobeh.
  5632 | D:6      | Noticed Sigmund
  5637 | D:6      | Killed Sigmund
  5637 | D:6      | Reached skill level 5 in Spellcasting
  5782 | D:7      | Reached XP level 9. HP: 53/53 MP: 16/16
  5835 | D:7      | Reached ** piety under Sif Muna
  6140 | D:7      | Found an iron altar of Okawaru.
  6159 | D:7      | Reached skill level 8 in Earth Magic
  6694 | D:8      | Reached *** piety under Sif Muna
  6850 | D:8      | Got a pitted jade amulet
  6858 | D:8      | Identified the amulet "Cemorr" {Regen+ Str+4 Int-5} (You found it on level 8 of the Dungeon)
  7125 | D:8      | Found a roughly hewn altar of Beogh.
  7198 | D:8      | Noticed a two-headed ogre
  7214 | D:8      | Reached XP level 10. HP: 20/59 MP: 9/19
  7216 | D:8      | Killed a two-headed ogre
  7216 | D:8      | Reached skill level 5 in Fighting
  7216 | D:8      | Reached skill level 5 in Armour
  7216 | D:8      | Reached skill level 9 in Earth Magic
  7457 | D:8      | Reached **** piety under Sif Muna
  7670 | D:8      | Reached skill level 5 in Conjurations
  7764 | D:9      | Found a hide-covered altar of Uskayaw.
  7947 | D:9      | Learned a level 4 spell: Summon Lightning Spire
  8076 | D:9      | Found a white marble altar of Elyvilon.
  8084 | D:9      | Noticed a two-headed ogre
  8097 | D:9      | Killed a two-headed ogre
  8097 | D:9      | Reached skill level 1 in Summonings
  8097 | D:9      | Reached skill level 1 in Air Magic
  8119 | D:9      | Reached skill level 10 in Earth Magic
  8184 | D:9      | Found a staircase to the Lair.
  8198 | D:9      | Reached XP level 11. HP: 62/65 MP: 21/22
  8418 | D:9      | Found Cumum's Antique Weapon Shoppe.
  8426 | D:9      | Bought a twisted flail for 280 gold pieces
  8426 | D:9      | Identified the +5 flail of Peril {speed, rC++ Str+5} (You bought it in a shop on level 9 of the Dungeon)
  8441 | D:9      | Found a sacrificial altar of Ru.
  8690 | Lair:1   | Entered Level 1 of the Lair of Beasts
  8753 | Lair:1   | Reached skill level 5 in Maces & Flails
 10024 | Lair:2   | Reached ***** piety under Sif Muna
 10358 | Lair:2   | Noticed an eight-headed hydra
 10362 | Lair:2   | Killed an eight-headed hydra
 10362 | Lair:2   | Identified Orevant's Guide on Creative Conjuration (Sif Muna gifted it to you on level 2 of the Lair of Beasts)
 10362 | Lair:2   | Received a gift from Sif Muna
 10582 | Lair:2   | Learned a level 5 spell: Irradiate
 10632 | Lair:2   | Noticed a four-headed hydra
 10639 | Lair:2   | Killed a four-headed hydra
 10639 | Lair:2   | Reached skill level 11 in Earth Magic
 11319 | Lair:2   | Reached XP level 12. HP: 73/73 MP: 24/24
 11613 | Lair:3   | Noticed a catoblepas
 11999 | Lair:3   | Found a staircase to the Swamp.
 12443 | Lair:3   | Killed a catoblepas
 12443 | Lair:3   | Reached skill level 5 in Transmutations
 13058 | Lair:3   | Reached skill level 12 in Earth Magic
 13074 | Lair:3   | Received a gift from Sif Muna
 13724 | Lair:3   | Found a staircase to the Snake Pit.
 14296 | Lair:4   | Reached XP level 13. HP: 77/78 MP: 26/26
 15693 | Lair:4   | Noticed Josephine
 15703 | Lair:4   | Killed Josephine
 15745 | Lair:4   | Slain by a spiny frog

Vault maps used:
D:1:      zaba_arrival_water
D:2:      marbit_many_paths, first_bread, grunt_qazlal_sundering, uniq_terence,
          uniq_iyjb
D:3:      nicolae_dithmenos_shadow_blocks, demons_altar, lemuel_round_altar,
          lemuel_doored_altar, minmay_item_behind_shaft, uniq_grinder
D:4:      nicolae_tso_carved_into_rock, nemelex_lonely_heart_becter
D:5:      lemuel_round_altar, temple_doors_cd, uniq_edmund, uniq_eustachio
D:6:      lemuel_round_altar, lemuel_zombie_altar_yredelemnul, uniq_sigmund,
          uniq_crazy_yiuf_cottage
D:7:      old_standard_altar
D:8:      special_room, roderic_batcave
D:9:      nicolae_ru_the_path_less_chosen, grunt_temple_overflow_open,
          erik_lair_orcish_takeover, serial_shops,
          nicolae_shop_competitors_out_of_business
Lair:1:   nicolae_lair_grove_arrangements, minmay_hedge_maze, grunt_megastairs_1
Lair:2:   serial_bayou_shore_a
Lair:3:   wad_woods_minihive, swamp_mist, minmay_snake_entry_guardpost_medium,
          minmay_lindwurm_lava, minmay_lair_oklob_chamber
Lair:4:   uniq_josephine

Skill      XL: |  1  2  3  4  5  6  7  8  9 10 11 12 13 |
---------------+----------------------------------------+-----
Earth Magic    | 4 5 6 7 8 10 11 12 | 12.3
Dodging        | 2 |  2.0
Fighting       | 1 2 3 4 5 6 7 |  7.6
Conjurations   | 1 2 3 4 5 6 7 |  7.7
Maces & Flails | 1 2 3 4 5 6 |  6.6
Armour         | 1 2 3 4 5 6 7 |  7.8
Spellcasting   | 3 4 5 6 7 8 9 |  9.6
Transmutations | 1 2 3 4 5 6 |  6.1
Summonings     | 1 3 4 |  4.4
Air Magic      | 1 2 3 |  3.5
Stealth        | |  2.4

Action                   |  1- 3 |  4- 6 |  7- 9 | 10-12 | 13-15 || total
-------------------------+-------+-------+-------+-------+-------++-------
Melee: Unarmed           |    13 |       |       |       |       ||    13
       Short sword       |    21 |       |       |       |       ||    21
       Mace              |     5 |    78 |    45 |       |       ||   128
       Flail             |       |       |   273 |   488 |   119 ||   880
 Cast: Sandblast         |    32 |    45 |    81 |   164 |    32 ||   354
       Stone Arrow       |     1 |     1 |    44 |    79 |    25 ||   150
       Sticks to Snakes  |       |       |    15 |     5 |       ||    20
       Petrify           |       |       |     1 |     6 |     2 ||     9
       Lee's Rapid Decon |       |       |       |    33 |     2 ||    35
Invok: Forget Spell      |       |       |       |     1 |       ||     1
  Use: Potion            |     4 |     2 |     4 |     2 |     5 ||    17
       Scroll            |     2 |     4 |     9 |    11 |     1 ||    27
 Stab: Sleeping          |       |       |     1 |     1 |       ||     2
       Distracted        |       |       |     1 |       |       ||     1
       Petrified         |       |       |       |     8 |       ||     8
       Invisible         |       |       |       |       |     2 ||     2
  Eat: Chunk             |       |     7 |    19 |    26 |     4 ||    56
       Royal jelly       |       |       |       |     4 |       ||     4
       Fruit             |       |       |       |     1 |       ||     1
Armor: Robe              |    16 |    37 |       |       |       ||    53
       Ring mail         |       |    22 |   180 |   105 |       ||   307
       Scale mail        |       |       |       |   352 |   107 ||   459
Dodge: Dodged            |    25 |    85 |   212 |   361 |    78 ||   761
Block: Other             |       |       |    14 |    39 |    13 ||    66
       Reflection        |       |       |     1 |       |       ||     1
